[Event "44th Chess Olympiad Open 2022"]
[Site "Chennai"]
[Date "2022.08.09"]
[Round "11.68"]
[White "Fuad, Ahmed Mufleh"]
[Black "Al-Homaid, Abdulla"]
[Result "1-0"]
[ECO "D60"]
[WhiteElo "2086"]
[BlackElo "1358"]
[Annotator "NA RC"]
[PlyCount "51"]
[EventDate "2022.07.29"]
[EventType "team-tourn"]
[EventCountry "IND"]
[SourceTitle "playchess.com"]
[Source "ChessBase"]
[SourceQuality "1"]
[WhiteTeam "Yemen"]
[BlackTeam "Qatar"]
[WhiteTeamCountry "YEM"]
[BlackTeamCountry "QAT"]
[TimeControl "40/5400+30:1800+30"]

1. d4 d5 2. c4 e6 3. Nc3 Nf6 4. Bg5 Be7 5. e3 O-O 6. Bd3 dxc4 7. Bxc4 a6 8. Nf3 b5 9. Bd3 Bb7 10. O-O Nbd7 11. Qe2 c5 12. Rfd1 Qb6 13. Rac1 Rac8 14. Ne5 Rfd8 15. Bb1 cxd4 16. exd4 Nf8 17. Be3 Qa5 18. a3 Nd5 19. Ne4 Qb6 20. g4 f6 21. Nd3 Nxe3 22. Qxe3 Rxc1 23. Nxc1 e5 24. d5 Qxe3 25. fxe3 Rxd5 26. Ba2 1-0

[Event "44th Chess Olympiad Open 2022"]
[Site "Chennai"]
[Date "2022.08.09"]
[Round "11.68"]
[White "Muhammed, Shuaau"]
[Black "Aziz, Husain"]
[Result "1-0"]
[ECO "C60"]
[WhiteElo "1987"]
[BlackElo "2380"]
[Annotator "RC"]
[PlyCount "95"]
[EventDate "2022.07.29"]
[EventType "team-tourn"]
[EventCountry "IND"]
[SourceTitle "playchess.com"]
[Source "ChessBase"]
[SourceQuality "1"]
[WhiteTeam "Maldives"]
[BlackTeam "Qatar"]
[WhiteTeamCountry "MDV"]
[BlackTeamCountry "QAT"]
[TimeControl "40/5400+30:1800+30"]

1. e4 e5 2. Nf3 Nc6 3. Bb5 g6 4. d4 exd4 5. c3 a6 6. Bxc6 dxc6 7. cxd4 Bg7 8. h3 Ne7 9. Nc3 O-O 10. O-O h6 11. Qc2 g5 12. g4 f6 13. Be3 Be6 14. Nh2 Ng6 15. Ne2 Nh4 16. f4 Re8 17. Bf2 Bf7 18. Bxh4 gxh4 19. Nf3 Qe7 20. Nc3 Qd6 21. Qd2 Rad8 22. Rad1 b5 23. e5 fxe5 24. fxe5 Qe7 25. Qe3 c5 26. dxc5 Rxd1 27. Rxd1 Bxe5 28. Nxe5 Qxe5 29. Qxe5 Rxe5 30. b4 Re3 31. Nd5 Rxh3 32. Nxc7 Rg3+ 33. Kh2 Rxg4 34. Nxa6 Bxa2 35. c6 Be6 36. Nc5 Bf5 37. Rd5 Rf4 38. c7 Bg4 39. Nd7 Rc4 40. Nf6+ Kf7 41. Nxg4 Rxc7 42. Kh3 Ke6 43. Rxb5 Kd6 44. Ne5 Rc1 45. Kxh4 Re1 46. Nc4+ Kc6 47. Rc5+ Kb7 48. b5 1-0

[Event "44th Chess Olympiad Open 2022"]
[Site "Chennai"]
[Date "2022.08.09"]
[Round "11.68"]
[White "Erfan Mohamad Firdaus"]
[Black "Mujahid Bin Yazeed"]
[Result "1/2-1/2"]
[ECO "C54"]
[WhiteElo "1294"]
[BlackElo "1418"]
[Annotator "NA COMBH"]
[PlyCount "65"]
[EventDate "2022.07.29"]
[EventType "team-tourn"]
[EventCountry "IND"]
[SourceTitle "playchess.com"]
[Source "ChessBase"]
[SourceQuality "1"]
[WhiteTeam "Qatar"]
[BlackTeam "Maldives"]
[WhiteTeamCountry "QAT"]
[BlackTeamCountry "MDV"]
[TimeControl "40/5400+30:1800+30"]

1. e4 e5 2. Nf3 Nc6 3. Bc4 Bc5 4. c3 Nf6 5. d3 d6 6. Nbd2 Qe7 7. b4 Bb6 8. a4 a6 9. h3 h6 10. Bb3 Bd7 11. Bb2 Nh5 12. Qe2 Nf4 13. Qf1 f5 14. g3 Ng6 15. Qe2 Rf8 16. exf5 Bxf5 17. Bd5 Qd7 18. Be4 d5 19. Bxf5 Qxf5 20. O-O-O O-O-O 21. Rde1 Rde8 22. Rhf1 Qxh3 23. Nh2 Kb8 24. Ng4 Qh5 25. Ne3 Qg5 26. Nxd5 Ba7 27. Kc2 Rd8 28. Ne3 Rd7 29. Ne4 Qe7 30. Qg4 Qf7 31. Re2 Rfd8 32. Rd1 Nge7 33. Red2 1/2-1/2

[Event "44th Chess Olympiad Open 2022"]
[Site "Chennai"]
[Date "2022.08.09"]
[Round "11.69"]
[White "Eichab, Charles"]
[Black "Njau, Albert"]
[Result "1/2-1/2"]
[ECO "A28"]
[WhiteElo "2048"]
[BlackElo "1842"]
[Annotator "NA RC"]
[PlyCount "172"]
[EventDate "2022.07.29"]
[EventType "team-tourn"]
[EventCountry "IND"]
[SourceTitle "playchess.com"]
[Source "ChessBase"]
[SourceQuality "1"]
[WhiteTeam "Namibia"]
[BlackTeam "Tanzania"]
[WhiteTeamCountry "NAM"]
[BlackTeamCountry "TAN"]
[TimeControl "40/5400+30:1800+30"]

1. c4 e5 2. Nc3 Nf6 3. Nf3 Nc6 4. e3 Bb4 5. Qc2 O-O 6. a3 Bxc3 7. Qxc3 Re8 8. d4 exd4 9. Nxd4 Nxd4 10. Qxd4 d5 11. cxd5 Qxd5 12. Qxd5 Nxd5 13. Be2 Bf5 14. O-O Rad8 15. Rd1 Nf4 16. Rxd8 Nxe2+ 17. Kf1 Ng3+ 18. hxg3 Rxd8 19. Ke1 Kf8 20. Bd2 Ke7 21. Rc1 c6 22. Bb4+ Kd7 23. f3 Bd3 24. Rd1 Kc7 25. Bc3 f6 26. e4 c5 27. e5 f5 28. Kf2 g6 29. Ke3 Bc4 30. Rh1 h5 31. Kf4 Re8 32. Kg5 Re6 33. Rd1 b6 34. f4 Be2 35. Rd2 Bf1 36. b3 Bb5 37. Kh6 a6 38. Kg7 Be8 39. Kf8 Bd7 40. Kf7 Rc6 41. b4 Re6 42. bxc5 bxc5 43. Ba5+ Kc8 44. Rb2 c4 45. Rb6 Rxb6 46. Bxb6 Bc6 47. Kxg6 Be4 48. Ba5 Kd7 49. Kf6 Ke8 50. Bb4 Bd3 51. Kg5 c3 52. Bxc3 Ke7 53. Kxh5 Be2+ 54. Kg5 Bg4 55. Kg6 Ke6 56. Kg7 Be2 57. Kf8 Bf1 58. g4 fxg4 59. g3 Bd3 60. Kg7 Be4 61. Kh6 Kf5 62. Kg7 Ke6 63. a4 Bc2 64. Ba1 Be4 65. Kf8 Bd3 66. Ke8 Bc2 67. Kd8 Bxa4 68. Kc7 Bb3 69. Kb6 Bc4 70. Bc3 Bd3 71. Bd2 Bb5 72. Kc5 Bd3 73. Bc3 Bf5 74. Kb6 Bd3 75. Kc7 Bf5 76. Kd8 Bd3 77. Ke8 Be4 78. Kf8 Bd3 79. Kg7 Be4 80. Be1 Bd3 81. Bb4 Be4 82. Kh6 Kf5 83. Bc3 Bd5 84. Kg7 Bc4 85. Kh6 Ba2 86. Kh5 Bc4 1/2-1/2

[Event "44th Chess Olympiad Open 2022"]
[Site "Chennai"]
[Date "2022.08.09"]
[Round "11.69"]
[White "Ndahangwapo, Heskiel"]
[Black "Veer Gandhi"]
[Result "1-0"]
[ECO "E09"]
[WhiteElo "1904"]
[BlackElo "1545"]
[Annotator "NA RC"]
[PlyCount "105"]
[EventDate "2022.07.29"]
[EventType "team-tourn"]
[EventCountry "IND"]
[SourceTitle "playchess.com"]
[Source "ChessBase"]
[SourceQuality "1"]
[WhiteTeam "Namibia"]
[BlackTeam "Tanzania"]
[WhiteTeamCountry "NAM"]
[BlackTeamCountry "TAN"]
[TimeControl "40/5400+30:1800+30"]

1. d4 d5 2. Nf3 Nf6 3. g3 e6 4. c4 Be7 5. Bg2 O-O 6. O-O c6 7. Nbd2 Nbd7 8. Qc2 Qc7 9. e4 dxe4 10. Nxe4 Nxe4 11. Qxe4 Nf6 12. Qc2 b6 13. Bf4 Bd6 14. Bxd6 Qxd6 15. c5 Qc7 16. Rfd1 b5 17. a4 Bb7 18. a5 a6 19. b4 Bc8 20. Re1 Bd7 21. Ne5 Rfd8 22. g4 h6 23. h4 Be8 24. g5 hxg5 25. hxg5 Nd5 26. Re4 Ne7 27. Ra3 Ng6 28. Nxg6 fxg6 29. Rxe6 Rxd4 30. Rae3 Bf7 31. Rxc6 Qf4 32. Re4 Rxe4 33. Qxe4 Qxg5 34. Qe3 Qf5 35. Rc7 Re8 36. Re7 Rd8 37. Qf3 Qxf3 38. Bxf3 Rd3 39. Bb7 Kf8 40. Rc7 Rd1+ 41. Kh2 Rb1 42. Bxa6 Rxb4 43. Bb7 Ra4 44. Rxf7+ Kxf7 45. c6 Rxa5 46. c7 Ra2 47. Bd5+ Ke7 48. c8=Q Rxf2+ 49. Kg3 Rf6 50. Qc7+ Ke8 51. Bc6+ Kf8 52. Qd8+ Kf7 53. Qe8# 1-0

[Event "44th Chess Olympiad Open 2022"]
[Site "Chennai"]
[Date "2022.08.09"]
[Round "11.69"]
[White "Mlawa, Hemed"]
[Black "Beukes, Dante M"]
[Result "0-1"]
[ECO "A45"]
[WhiteElo "1896"]
[BlackElo "2234"]
[Annotator "RC"]
[PlyCount "124"]
[EventDate "2022.07.29"]
[EventType "team-tourn"]
[EventCountry "IND"]
[SourceTitle "playchess.com"]
[Source "ChessBase"]
[SourceQuality "1"]
[WhiteTeam "Tanzania"]
[BlackTeam "Namibia"]
[WhiteTeamCountry "TAN"]
[BlackTeamCountry "NAM"]
[TimeControl "40/5400+30:1800+30"]

1. d4 Nf6 2. Bf4 d6 3. Nc3 Nbd7 4. Nf3 c5 5. e3 Nh5 6. Bg3 h6 7. Bh4 g5 8. Nd2 cxd4 9. exd4 Ndf6 10. Bg3 Nxg3 11. hxg3 a6 12. Nce4 Nxe4 13. Nxe4 Bg7 14. c3 Qa5 15. Bd3 Qd5 16. Qf3 Be6 17. Nd2 Qxf3 18. gxf3 Rc8 19. Be4 Rc7 20. g4 Rf8 21. a4 f5 22. gxf5 Bxf5 23. Bxf5 Rxf5 24. Ke2 Kf7 25. Ne4 Kg6 26. Ng3 Rf8 27. Nh5 Bh8 28. Rh3 e6 29. Rah1 Rh7 30. Ng3 d5 31. Nf1 h5 32. Ne3 Bg7 33. Kd3 Rhh8 34. b3 Rf4 35. Ng2 Rf7 36. Rg1 Rc8 37. Ne3 Rcf8 38. Ke2 Rd8 39. Rhg3 Bh6 40. Kd3 Rdf8 41. Ke2 g4 42. fxg4 Rxf2+ 43. Ke1 h4 44. Rh3 R2f3 45. Rxf3 Rxf3 46. Nd1 Bf4 47. Ke2 Rh3 48. Rg2 Kg5 49. b4 Rh1 50. Nf2 h3 51. Rg1 Rh2 52. Kf3 Bd2 53. Rd1 Bxc3 54. b5 axb5 55. axb5 Kh4 56. Ke2 Rg2 57. Rd3 Rg3 58. g5 Rxd3 59. Kxd3 Bb4 60. g6 Bf8 61. Nh1 Bg7 62. Ke3 Kg4 0-1

[Event "44th Chess Olympiad Open 2022"]
[Site "Chennai"]
[Date "2022.08.09"]
[Round "11.69"]
[White "Mdoe, Yusuf"]
[Black "Khoa, Goodwill"]
[Result "1/2-1/2"]
[ECO "A22"]
[WhiteElo "1722"]
[BlackElo "1850"]
[Annotator "NA COMBH"]
[PlyCount "75"]
[EventDate "2022.07.29"]
[EventType "team-tourn"]
[EventCountry "IND"]
[SourceTitle "playchess.com"]
[Source "ChessBase"]
[SourceQuality "1"]
[WhiteTeam "Tanzania"]
[BlackTeam "Namibia"]
[WhiteTeamCountry "TAN"]
[BlackTeamCountry "NAM"]
[TimeControl "40/5400+30:1800+30"]

1. c4 Nf6 2. Nc3 e5 3. g3 d5 4. cxd5 Nxd5 5. Bg2 c6 6. a3 Be6 7. Qc2 Bd6 8. Nf3 Nd7 9. d4 h6 10. e4 Nxc3 11. bxc3 O-O 12. O-O Qf6 13. Bb2 b5 14. dxe5 Nxe5 15. Nxe5 Qxe5 16. Bc1 Bc5 17. Bf4 Qh5 18. Rfe1 Rfd8 19. Be3 Rd7 20. e5 Bxe3 21. Rxe3 Rad8 22. Bxc6 Rd1+ 23. Re1 Rxa1 24. Rxa1 Qxe5 25. Bg2 Rc8 26. Rc1 a5 27. Qd2 Qc5 28. Qb2 Bc4 29. Re1 g6 30. h4 Rd8 31. Kh2 Kg7 32. Be4 Re8 33. Qd2 f5 34. Bg2 Rxe1 35. Qxe1 Kf6 36. Qd2 Qxa3 37. Qd8+ Kg7 38. Qc7+ 1/2-1/2

[Event "44th Chess Olympiad Open 2022"]
[Site "Chennai"]
[Date "2022.08.09"]
[Round "11.70"]
[White "Blackman, Justin"]
[Black "Amba Oyon Marius Claude"]
[Result "1-0"]
[ECO "A57"]
[WhiteElo "2195"]
[BlackElo "1938"]
[Annotator "RC"]
[PlyCount "105"]
[EventDate "2022.07.29"]
[EventType "team-tourn"]
[EventCountry "IND"]
[SourceTitle "playchess.com"]
[Source "ChessBase"]
[SourceQuality "1"]
[WhiteTeam "Barbados"]
[BlackTeam "CMR"]
[WhiteTeamCountry "BAR"]
[TimeControl "40/5400+30:1800+30"]

1. d4 Nf6 2. c4 c5 3. d5 b5 4. Nd2 g6 5. b3 d6 6. e4 Bg7 7. Bb2 O-O 8. cxb5 a6 9. bxa6 Qa5 10. Qc2 Nxa6 11. Bxa6 Bxa6 12. Bc3 Qb5 13. Nc4 Rfb8 14. Nf3 Nd7 15. Bxg7 Kxg7 16. O-O Nb6 17. Nfd2 Nxc4 18. Nxc4 Qb4 19. Rfc1 Bxc4 20. Qxc4 Qxc4 21. bxc4 Rb2 22. a4 Ra5 23. Ra3 Rb4 24. g3 g5 25. Kg2 Raxa4 26. Rxa4 Rxa4 27. Rc2 g4 28. h3 h5 29. f3 gxf3+ 30. Kxf3 Ra3+ 31. Kf4 Kf6 32. Rc1 h4 33. gxh4 Rxh3 34. Kg4 Re3 35. Kf4 Re2 36. Kf3 Ra2 37. Kf4 Rd2 38. Ke3 Rh2 39. Rf1+ Kg6 40. Rg1+ Kh6 41. Rg4 Rh3+ 42. Kd2 Rf3 43. Rg8 Rf6 44. Re8 e5 45. dxe6 Rxe6 46. Rxe6+ fxe6 47. e5 dxe5 48. Ke3 Kh5 49. Ke4 Kxh4 50. Kxe5 Kg5 51. Kxe6 Kg6 52. Kd5 Kf6 53. Kxc5 1-0

[Event "44th Chess Olympiad Open 2022"]
[Site "Chennai"]
[Date "2022.08.09"]
[Round "11.70"]
[White "Zebaze Dongmo Loic Dylane"]
[Black "Edwards, Emar"]
[Result "0-1"]
[ECO "D02"]
[WhiteElo "1837"]
[BlackElo "1695"]
[Annotator "NA COMBH"]
[PlyCount "94"]
[EventDate "2022.07.29"]
[EventType "team-tourn"]
[EventCountry "IND"]
[SourceTitle "playchess.com"]
[Source "ChessBase"]
[SourceQuality "1"]
[WhiteTeam "CMR"]
[BlackTeam "Barbados"]
[BlackTeamCountry "BAR"]
[TimeControl "40/5400+30:1800+30"]

1. d4 d5 2. Bf4 e6 3. e3 Bd6 4. Bg3 Nf6 5. Nd2 O-O 6. Ngf3 b6 7. Bd3 c5 8. c3 Ba6 9. Bxa6 Nxa6 10. O-O Bxg3 11. hxg3 Qd6 12. Qe2 Nb8 13. e4 dxe4 14. Nxe4 Nxe4 15. Qxe4 Qd5 16. Qxd5 exd5 17. Rfe1 Nc6 18. Ne5 Nxe5 19. Rxe5 cxd4 20. cxd4 Rfd8 21. Rc1 Rd7 22. Kf1 Kf8 23. Ke2 Re8 24. Kd3 f6 25. Rxe8+ Kxe8 26. Rc8+ Rd8 27. Rc3 Ke7 28. Kc2 Kd6 29. b4 Rd7 30. Kb3 Rc7 31. Re3 Re7 32. Rxe7 Kxe7 33. b5 f5 34. a4 Kf6 35. Kc3 Kg5 36. Kd3 Kg4 37. a5 g5 38. a6 f4 39. gxf4 Kxf4 40. Ke2 Ke4 41. g3 g4 42. Kd1 Kxd4 43. Kd2 Ke4 44. Kc3 d4+ 45. Kd2 d3 46. Kc3 h6 47. Kd2 Kd4 0-1

[Event "44th Chess Olympiad Open 2022"]
[Site "Chennai"]
[Date "2022.08.09"]
[Round "11.71"]
[White "Boidiya, Sidi"]
[Black "Jones, Rupert"]
[Result "1-0"]
[ECO "B26"]
[WhiteElo "1997"]
[BlackElo "1766"]
[Annotator "TA"]
[PlyCount "75"]
[EventDate "2022.07.29"]
[EventType "team-tourn"]
[EventCountry "IND"]
[SourceTitle "playchess.com"]
[Source "ChessBase"]
[SourceQuality "1"]
[WhiteTeam "MTN"]
[BlackTeam "Papua New Guinea"]
[BlackTeamCountry "PNG"]
[TimeControl "40/5400+30:1800+30"]

1. e4 c5 2. Nc3 a6 3. g3 Nc6 4. Bg2 g6 5. d3 Bg7 6. Be3 d6 7. Qd2 Nd4 {[%emt 0:01:17] B26: Closed Sicilian: 3 g3, lines with early Be3.} 8. a4 Nf6 9. h3 O-O {[%emt 0:01:11] The position is equal.} 10. Nge2 {[%emt 0:00:11] [#]} e5 $146 ({Predecessor:} 10... Nd7 11. Nd1 Nxe2 12. Qxe2 Rb8 13. O-O b5 14. axb5 axb5 15. Rb1 b4 16. b3 Bb7 {0-1 (51) Savins Puertas,M (1975)-Janaszak,D (2362) Chess.com INT 2018}) 11. f4 Nh5 12. f5 Rb8 (12... gxf5 $15 13. O-O-O {[#]} Nxg3 $1 14. Nxg3 f4 15. Bxf4 (15. Bxd4 cxd4 16. Nh5 dxc3 $17) 15... exf4) 13. g4 $14 Nf4 (13... Nxe2 $14 14. Nxe2 Nf4 15. Nxf4 exf4 16. Bxf4 Bxb2) 14. Nxf4 $18 exf4 15. Bxf4 gxf5 16. gxf5 (16. exf5 $18 {Black must now prevent 0-0.} Re8+ 17. Kf2 (17. Ne4 b5 $16)) 16... Qh4+ 17. Kf1 Be5 18. Bxe5 dxe5 19. Nd5 Kh8 20. Re1 {[%emt 0:05:17] Threatens to win with c3.} b5 21. axb5 axb5 22. c3 $36 {[%emt 0:00:07][%mdl 2048] White is really pushing.} Nb3 23. Qf2 Qg5 24. h4 Qg4 {[%emt 0:02:35] This costs Black the game.} (24... Qd8 $16) 25. Bf3 Nd2+ 26. Ke2 $1 Qxf3+ 27. Qxf3 Nxf3 28. Kxf3 Bb7 (28... Rd8 {was worth a try.} 29. Ne3 Bb7) 29. Nf6 {[%emt 0:02:01] [#] Nd7 is the strong threat.} Rbd8 {[%emt 0:00:07] Inhibits Nd7.} 30. Ke3 Rd6 31. Ng4 f6 32. Rd1 Rfd8 (32... Bc6 {is a better defense.} 33. Nf2 Rfd8) 33. Rhg1 Ba6 $2 (33... h5) 34. Nh6 R6d7 {[%emt 0:00:24] Prevents Nf7+.} 35. d4 {[%emt 0:00:18][%cal Od4e5] White wants to mate with dxe5!} cxd4+ 36. cxd4 Rg7 37. dxe5 Rxd1 38. Rxd1 {[%emt 0:00:12] Weighted Error Value: White=0.12 (very precise) /Black=0.51} 1-0

[Event "44th Chess Olympiad Open 2022"]
[Site "Chennai"]
[Date "2022.08.09"]
[Round "11.71"]
[White "Hassan Sidi Mohamed Cheikh"]
[Black "Fancy, Stuart"]
[Result "0-1"]
[ECO "D07"]
[WhiteElo "1825"]
[BlackElo "1984"]
[Annotator "TA"]
[PlyCount "92"]
[EventDate "2022.07.29"]
[EventType "team-tourn"]
[EventCountry "IND"]
[SourceTitle "playchess.com"]
[Source "ChessBase"]
[SourceQuality "1"]
[WhiteTeam "MTN"]
[BlackTeam "Papua New Guinea"]
[BlackTeamCountry "PNG"]
[TimeControl "40/5400+30:1800+30"]

1. d4 d5 2. c4 Nc6 3. e3 dxc4 4. Bxc4 e5 5. d5 Nce7 (5... Bb4+ 6. Nc3 Bxc3+ 7. bxc3 $16) (5... Na5 $5 ) 6. Nf3 {[%emt 0:01:32] D07: Queen's Gambit: Chigorin Defence.} Ng6 7. h4 {[%emt 0:01:36] [#]} Bb4+ $146 ({Predecessor:} 7... h5 8. Nc3 Bd6 9. Ng5 Nh6 10. Bb5+ Kf8 11. e4 Bg4 12. f3 Bc8 13. g3 Qe7 {1-0 (41) Savina,A (2350)-Paehtz,E (2453) Monte Carlo 2017}) 8. Nc3 {[%emt 0:01:48] Qa4+ is the strong threat. White is slightly better.} Bxc3+ (8... Bd6 $1 $14) 9. bxc3 $16 {[%emt 0:00:07] Black must now prevent h5.} e4 10. Ng5 Nf6 11. Ba3 {[%emt 0:01:01] aiming for Qd4.} h6 12. Nh3 Nxh4 $2 {[%emt 0:02:42] [#]} (12... c6 $14) 13. Nf4 $2 ({White has to play} 13. Qd4 $1 $18 {[%cal Rd4e5] And now Qe5+ would win.} Qd7 14. Nf4) 13... Nf5 $1 $14 14. Nh5 (14. Bb5+ $1 $14 Bd7 15. Be2) 14... Nxh5 $1 $11 15. Qxh5 {[%emt 0:00:19] Threatens to win with Bb5+.} Qf6 16. Rc1 Bd7 17. Bb3 g6 18. Qh2 O-O-O 19. c4 Qg5 20. Rc3 ({White should try} 20. O-O $11) 20... h5 $15 21. c5 (21. Bb2 $15) 21... Bb5 $17 {[%emt 0:04:21] Black is more active.} 22. d6 c6 (22... Qg4 23. Bc4 Bxc4 24. Rxc4 $11) (22... Rhe8 $142 23. Bb4 Rd7) 23. Bb4 Qf6 (23... Qg4 $6 24. Bd1 Qg5 25. Ra3 $11) (23... Rd7 $17) 24. Rc1 $1 $132 {[%emt 0:05:36][%mdl 2048] Hoping for Bc3. White puts up resistance} Rhe8 (24... Qb2 25. Rc2 Qa1+ 26. Kd2 $14) 25. Bc3 Qg5 26. Qh3 (26. a4 $2 Nxe3 27. Qh3+ (27. axb5 $2 Ng4 $19) 27... Ng4 $19) 26... Rd7 27. Rg1 $2 (27. Bd1 $17) 27... Qg4 $2 (27... b6 $19 28. Bb4 Kb7) 28. Qxg4 hxg4 29. Rh1 b6 30. a4 Ba6 31. cxb6 (31. Ba1 $5 ) 31... axb6 32. Bb4 Kb7 33. Rh7 g3 ({Black should play} 33... Bd3 $15) 34. Bxf7 $2 {[%emt 0:01:21][%mdl 8192] [#]} (34. Rxf7 $11 {and White is okay.} Rxf7 35. Bxf7) 34... gxf2+ $2 (34... Rf8 $1 $19 35. Rd1 (35. Bxg6 $2 Rxh7 36. Bxh7 gxf2+ 37. Kxf2 Nd4+ 38. Kg3 Ne2+ 39. Kg4 Nxc1 $19) 35... c5 36. Bxc5 (36. Bd5+ $2 Kc8 $19) 36... bxc5 37. Bd5+ Kc8 38. Rxd7 gxf2+ 39. Kxf2 Nxd6+ 40. Kg3 Kxd7 41. Bxe4 Re8) 35. Kxf2 $17 Rf8 {[%emt 0:01:05] Chess con chili.} 36. Bxg6 (36. g4 $17 {nothing else works.}) 36... Rxh7 $19 37. d7 (37. Bxh7 $142 Nd4+ 38. Kg3 (38. Ke1 $2 Rf1+ 39. Kd2 Nb3+ 40. Kc2 Nxc1 $19) 38... Ne2+ 39. Kg4 Nxc1 40. Kg5) 37... Nd6+ 38. Kg1 Rxd7 39. Rd1 Bd3 {[%emt 0:00:56] Strongly threatening ...c5.} 40. a5 Rg8 41. a6+ Kxa6 42. Bxd6 Rxg6 43. Bf4 Rdg7 44. g3 Rxg3+ {[%emt 0:00:13] Black mates.} 45. Bxg3 Rxg3+ 46. Kf2 Rf3+ {[%emt 0:00:04] Weighted Error Value: White=0.98/Black=0.39} 0-1

[Event "44th Chess Olympiad Open 2022"]
[Site "Chennai"]
[Date "2022.08.09"]
[Round "11.71"]
[White "McCoy, Tom"]
[Black "Cheikhna, Mohamed Lemine"]
[Result "0-1"]
[ECO "B59"]
[WhiteElo "1812"]
[BlackElo "1899"]
[Annotator "NA RC COMBH"]
[PlyCount "138"]
[EventDate "2022.07.29"]
[EventType "team-tourn"]
[EventCountry "IND"]
[SourceTitle "playchess.com"]
[Source "ChessBase"]
[SourceQuality "1"]
[WhiteTeam "Papua New Guinea"]
[BlackTeam "MTN"]
[WhiteTeamCountry "PNG"]
[TimeControl "40/5400+30:1800+30"]

1. e4 c5 2. Nf3 Nc6 3. d4 cxd4 4. Nxd4 e5 5. Nb3 d6 6. Nc3 Nf6 7. Be2 Be7 8. Be3 Be6 9. f3 O-O 10. Qd2 d5 11. exd5 Nxd5 12. Nxd5 Qxd5 13. O-O-O Nb4 14. Qxd5 Nxd5 15. Bc5 Bg5+ 16. Kb1 Rfc8 17. Bd3 Nf4 18. Be3 Nxd3 19. Rxd3 Be7 20. g4 b6 21. Rhd1 Rc7 22. c3 f5 23. h3 h5 24. Rg1 hxg4 25. hxg4 fxg4 26. fxg4 Rc4 27. Kc1 Rxg4 28. Rxg4 Bxg4 29. Nd2 Rd8 30. Rxd8+ Bxd8 31. Ne4 Be7 32. Kd2 Kf7 33. a4 Bf3 34. Ng5+ Bxg5 35. Bxg5 Bc6 36. b3 Kg6 37. Be3 Kf5 38. Ke2 g5 39. a5 bxa5 40. Bxa7 Ke4 41. Bb6 a4 42. bxa4 Bxa4 43. Bc7 Bc6 44. Kf2 Kf4 45. Bb6 Kg4 46. Ke3 Kf5 47. Bc5 g4 48. Kf2 Kf4 49. Be3+ Ke4 50. Ba7 Kd3 51. Kg3 Bf3 52. Bb8 e4 53. Kf2 e3+ 54. Ke1 Kxc3 55. Bg3 Kd3 56. Bf4 Ke4 57. Bg3 Kf5 58. Kf1 Bc6 59. Ke2 Ke4 60. Bh2 Bb5+ 61. Ke1 Kf3 62. Bg1 Bc4 63. Bh2 Kg2 64. Bf4 Kf3 65. Bh2 g3 66. Bg1 Ke4 67. Kd1 Kd3 68. Ke1 Bb3 69. Kf1 Kd2 0-1

[Event "44th Chess Olympiad Open 2022"]
[Site "Chennai"]
[Date "2022.08.09"]
[Round "11.72"]
[White "Al Thebaiti Ahmed M"]
[Black "Martyr, Reginald"]
[Result "0-1"]
[ECO "D00"]
[WhiteElo "1966"]
[BlackElo "2194"]
[Annotator "RC"]
[PlyCount "166"]
[EventDate "2022.07.29"]
[EventType "team-tourn"]
[EventCountry "IND"]
[SourceTitle "playchess.com"]
[Source "ChessBase"]
[SourceQuality "1"]
[WhiteTeam "KSA"]
[BlackTeam "LCA"]
[TimeControl "40/5400+30:1800+30"]

1. d4 d5 2. Bf4 Nf6 3. e3 c5 4. c3 Qb6 5. Qb3 c4 6. Qc2 g6 7. Nd2 Bf5 8. Qc1 Bg7 9. h3 h5 10. b3 cxb3 11. axb3 O-O 12. Ngf3 Nc6 13. Be2 Rfc8 14. Qb2 Nd7 15. O-O e5 16. Bh2 Re8 17. Rfc1 exd4 18. cxd4 Nxd4 19. exd4 Rxe2 20. Qc3 Bh6 21. Re1 Rxe1+ 22. Rxe1 Nf6 23. Be5 Rc8 24. Qa1 Nd7 25. Bg3 Bf8 26. Bf4 Bb4 27. Rc1 Rxc1+ 28. Qxc1 Qc6 29. Qe1 Qc8 30. Qe2 a6 31. Bg5 Bd6 32. Nf1 Nf8 33. Ng3 Qc2 34. Qe8 Qc8 35. Qe3 Bc2 36. Bf4 Bxf4 37. Qxf4 Bxb3 38. Qf6 Qc1+ 39. Kh2 Qc6 40. Qd8 Ba4 41. Ne5 Qe6 42. Ne2 Qf5 43. Qxd5 Qxf2 44. Ng3 h4 45. Ne4 Qf4+ 46. Kg1 Bc6 47. Nxc6 bxc6 48. Qxc6 Qe3+ 49. Kh1 Qxd4 50. Nf6+ Kg7 51. Ng4 f5 52. Qb7+ Nd7 53. Ne3 Kh6 54. Nd5 Nf6 55. Ne7 Qe4 56. Qc7 Qe1+ 57. Kh2 Qg3+ 58. Qxg3 hxg3+ 59. Kxg3 a5 60. Nc6 a4 61. Nb4 a3 62. Na2 Nd5 63. Kf3 Kg5 64. g3 Kf6 65. g4 Ke5 66. gxf5 Kxf5 67. Nc1 Nb4 68. Nb3 a2 69. Na1 Ke5 70. Ke3 Kd5 71. h4 Kc4 72. Kd2 Nc6 73. Kc2 Nd4+ 74. Kb2 Nf3 75. Kxa2 Nxh4 76. Nb3 g5 77. Nd2+ Kd3 78. Nf1 g4 79. Kb2 Nf5 80. Kc1 Ke2 81. Nd2 g3 82. Ne4 g2 83. Nc3+ Kd3 0-1

[Event "44th Chess Olympiad Open 2022"]
[Site "Chennai"]
[Date "2022.08.09"]
[Round "11.72"]
[White "Alzamil, Abdulaziz"]
[Black "Mathurin, Nathaniel"]
[Result "1-0"]
[ECO "D02"]
[WhiteElo "1871"]
[BlackElo "1722"]
[Annotator "NA RC COMBH"]
[PlyCount "83"]
[EventDate "2022.07.29"]
[EventType "team-tourn"]
[EventCountry "IND"]
[SourceTitle "playchess.com"]
[Source "ChessBase"]
[SourceQuality "1"]
[WhiteTeam "KSA"]
[BlackTeam "LCA"]
[TimeControl "40/5400+30:1800+30"]

1. d4 Nf6 2. Nf3 d5 3. Bf4 c5 4. e3 Nc6 5. c3 Nh5 6. Bg5 h6 7. Bh4 g5 8. Bg3 Nxg3 9. hxg3 Bg7 10. Qc2 Qb6 11. Nbd2 cxd4 12. exd4 Bg4 13. Be2 Rd8 14. Nf1 e5 15. Ne3 Be6 16. dxe5 g4 17. Nh4 Bxe5 18. Nxg4 Bxg4 19. Bxg4 d4 20. O-O-O dxc3 21. Rxd8+ Qxd8 22. f4 cxb2+ 23. Kb1 Bf6 24. Nf5 Kf8 25. Re1 Nb4 26. Qc5+ Kg8 27. Rd1 Qf8 28. Qxa7 Qe8 29. Qxb7 Qa4 30. Qc8+ Kh7 31. Qc4 Qxa2+ 32. Qxa2 Nxa2 33. Kxa2 Ra8+ 34. Kb1 Ra1+ 35. Kc2 b1=Q+ 36. Rxb1 Ra2+ 37. Kd3 Rxg2 38. Rh1 Bg7 39. Bf3 Ra2 40. Be4 Kg8 41. Rc1 Ra8 42. Bxa8 1-0